 Dungeon Crawl Stone Soup version 0.17-a0-1887-g3e50df6 (webtiles) character file.

812 ololoev the Cleaver (level 7, -17/94 HPs)
             Began as a Hill Orc Berserker on Sept 23, 2015.
             Was a Believer of Trog.
             Demolished by a catoblepas (20 damage)
             ... on level 8 of the Dungeon.
             The game lasted 00:09:40 (1203 turns).

ololoev the Cleaver (Hill Orc Berserker)            Turns: 1203, Time: 00:09:40

Health: -17/94     AC: 12    Str: 26    XL:     7   Next: 93%
Magic:  9/9        EV:  7    Int:  7    God:    Trog [**....]
Gold:   131        SH:  0    Dex: 11    Spells: 0 memorised, 6 levels left

rFire  . . .     SeeInvis .     a - +0 war axe
rCold  . . .     Clarity  .     r - +0 plate armour
rNeg   . . .     SustAt   .     (no shield)
rPois  .         Gourm    .     (no helmet)
rElec  .         Spirit   .     (no cloak)
rCorr  .         Warding  .     (no gloves)
rMut   .         Stasis   .     (no boots)
MR     .....                    (no amulet)
Stlth  ..........               (no ring)
                                (no ring)

@: berserking (expiring), very quick, not resistant to hostile enchantments,
extremely unstealthy
A: no striking features
a: Burn Spellbooks, Berserk, Trog's Hand, Renounce Religion

Inventory:

Hand weapons
 a - a +0 war axe (weapon)
Armour
 r - a +0 plate armour (worn)
Magical devices
 k - a wand of polymorph (2)
Scrolls
 b - a scroll of recharging {unknown}
 d - 3 scrolls of identify {unknown}
 e - 2 scrolls of fear {unknown}
 g - a scroll of magic mapping {unknown}
 j - a scroll of noise {unknown}
 l - 3 scrolls of teleportation {unknown}
 m - a scroll of fog {unknown}
 q - a scroll of remove curse {unknown}
Potions
 h - a potion of mutation {unknown}
 n - a potion of degeneration {unknown}
 o - a potion of haste {unknown}
 p - a potion of resistance
Comestibles
 c - 3 bread rations
 f - a beef jerky
 i - 2 meat rations
 s - 5 chunks of flesh


   Skills:
 + Level 6.1 Fighting
 * Level 8.2 Axes
 + Level 4.6 Armour
 - Level 1.5 Dodging
 + Level 3.1 Evocations


You had 6 spell levels left.
You didn't know any spells.


You were on level 8 of the Dungeon.
You worshipped Trog.
Trog was pleased with you.
You were hungry.

You visited 1 branch of the dungeon, and saw 8 of its levels.

You collected 131 gold pieces.

##.#####.#######.#..<..#
........................
...........###.....)....
...............(......##
###...............#####
#.####.......#### #.
#...#######.. .#..#..###
.. #. ####@.# #..Y##...#
#.#.h.# .## ..#.#.# #
#...###h. #.# # .#. #. .
# # #

Notes
Turn   | Place    | Note
--------------------------------------------------------------
     0 | D:1      | ololoev the Hill Orc Berserker began the quest for the Orb.
     0 | D:1      | Reached XP level 1. HP: 19/19 MP: 1/1
   133 | D:1      | Found a shattered altar of Ashenzari.
   229 | D:2      | Noticed Terence
   235 | D:2      | Reached XP level 2. HP: 21/27 MP: 2/2
   241 | D:2      | Killed Terence
   241 | D:2      | Reached XP level 3. HP: 25/33 MP: 3/3
   506 | D:2      | Acquired Trog's second power
   577 | D:2      | Reached XP level 4. HP: 34/41 MP: 4/4
   615 | D:2      | Reached skill level 5 in Axes
   635 | D:2      | HP: 2/41 [gnoll (1)]
   669 | D:3      | Reached skill level 1 in Evocations
   669 | D:3      | Reached XP level 5. HP: 35/47 MP: 5/5
   695 | D:3      | Reached skill level 5 in Fighting
   788 | D:4      | Reached skill level 6 in Axes
   837 | D:3      | Reached XP level 6. HP: 56/56 MP: 7/7
   843 | D:3      | Noticed Nico3ck's ghost (average MiWz)
   895 | D:3      | Killed Nico3ck's ghost
   895 | D:3      | Reached skill level 7 in Axes
   895 | D:3      | Reached XP level 7. HP: 61/61 MP: 8/8
   922 | D:5      | Entered Level 5 of the Dungeon
  1153 | D:8      | Found a radiant altar of Vehumet.
  1185 | D:8      | Reached skill level 8 in Axes
  1189 | D:8      | Noticed a catoblepas
  1201 | D:8      | HP: 3/94 [catoblepas (28)]
  1203 | D:8      | Demolished by a catoblepas

Dungeon Overview and Level Annotations

Branches:
Dungeon (8/15)
 Temple: D:4-7         Lair: D:8-11

Altars:
Ashenzari
Vehumet


Message History

You feel yourself moving faster!
You feel mighty!
You are feeling hungry.
The catoblepas gores you!
The worker ant bites you but does no damage.
You hit the catoblepas.
The catoblepas is lightly wounded.
You slash the worker ant!
The worker ant is almost dead.
The catoblepas gores you! The worker ant bites you.
You slash the catoblepas!
The catoblepas is lightly wounded.
You completely miss the worker ant.
The worker ant is almost dead.
The worker ant barely misses you. The catoblepas gores you!!
You hear an angry growl.
You hit the catoblepas.
The catoblepas is lightly wounded.
You hit the worker ant.
You kill the worker ant!
Trog accepts your kill.
You slash the catoblepas!
The catoblepas is heavily wounded.
The catoblepas breathes a plume of calcifying dust at you.
The blast of calcifying dust hits you!
You hit the catoblepas.
The catoblepas is heavily wounded.
You are engulfed in calcifying dust.
The catoblepas breathes a plume of calcifying dust at you.
The blast of calcifying dust hits you!
A black bear comes into view.
You feel a strong urge to attack something.
You hit the catoblepas.
The catoblepas is heavily wounded.
The catoblepas gores you!!
You slash the catoblepas!
The catoblepas is severely wounded.
You slash the catoblepas!
The catoblepas is severely wounded.
The catoblepas gores you!!
You die...

You could see a catoblepas and a black bear.

Vanquished Creatures
  The ghost of Nico3ck the Cudgeler, an average MiWz (D:3)
  2 ice beasts
  An orc warrior (D:7)
  A jelly (D:7)
  Terence (D:2)
  3 orc wizards (D:3)
  3 worker ants
  4 gnolls (D:2)
  3 adders
  An ooze (D:4)
  A worm (D:2)
  A giant gecko (D:7)
  4 orcs
  2 bats
  3 giant cockroaches
  4 goblins
  2 hobgoblins
  7 jackals
  A giant newt (D:1)
  A jackal skeleton (D:4)
  9 kobolds
  2 rats (D:1)
57 creatures vanquished.

Action                   |  1- 3 |  4- 6 |  7- 9 || total
-------------------------+-------+-------+-------++-------
Melee: Hand axe          |    56 |    58 |       ||   114
       Unarmed           |     7 |       |       ||     7
       War axe           |       |    32 |    56 ||    88
Invok: Berserk           |     1 |     4 |     3 ||     8
       Trog's Hand       |       |     2 |     4 ||     6
Evoke: Wand              |       |       |     2 ||     2
  Use: Potion            |       |     2 |       ||     2
  Eat: Chunk             |       |     4 |     5 ||     9

Vault maps used:
D:1:      dpeg_arrival_short_road, hex_large, nicolae_ashenzari_panopticon
D:2:      uniq_terence
D:3:      grunt_ministairs_9, kennysheep_path_1, uniq_sigmund
D:4:      temple_doors_e
D:5:      first_bread
D:7:      basic_altar, serial_bayou_lagoon_b
D:8:      minmay_ornate_pinched, vehumet_crystals, erik_lair_orcish_takeover,
          hangedman_ranch
